 Dungeon Crawl Stone Soup version 0.31-a0-157-g0643eb4156 (webtiles) character file.

Game seed: 7835630883144726827

109 qw the Shooter (level 4, -1/28 HPs)
             Began as a Gargoyle Hunter on June 12, 2023.
             Slain by a hound (2 damage)
             ... on level 2 of the Dungeon.
             The game lasted 00:00:31 (964 turns).

qw the Shooter (Gargoyle Hunter)                     Turns: 964, Time: 00:00:31

Health: -1/28      AC:  8    Str: 14    XL:     4   Next: 90%
Magic:  4/4        EV: 11    Int: 10    God:
Gold:   51         SH:  0    Dex: 15    Spells: 3/3 levels left

rFire   . . .        Y - +0 shortbow
rCold   . . .        (shield currently unavailable)
rNeg    + . .        c - +0 leather armour
rPois   inf          j - +1 helmet
rElec   +            (no cloak)
rCorr   .            (no gloves)
SInv    .            (no boots)
Will    .....        (no amulet)
Stlth   ++           (no ring)
HPRegen 0.24/turn    (no ring)
MPRegen 0.09/turn

%: no passive effects
@: no status effects
A: sickness immunity, AC +3, negative energy resistance 1, electricity
resistance, torment resistance 1, petrification resistance
a: no special abilities


You were on level 2 of the Dungeon.
You visited 1 branch of the dungeon, and saw 2 of its levels.

You collected 73 gold pieces.
You spent 22 gold pieces at shops.


Innate Abilities, Weirdness & Mutations

You are immune to sickness and miasma.
Your stone body is resilient. (AC +3)
You are immune to poison.
You resist negative energy. (rN+)
You are resistant to electric shocks. (rElec)
You are resistant to unholy torment.
You are immune to petrification.


   Skills:
 - Level 3.2 Fighting
 + Level 5.6 Ranged Weapons
 - Level 1.5 Dodging
 - Level 1.1 Stealth


You had 3 spell levels left.
You didn't know any spells.
Your spell library was empty.

Inventory:

Hand Weapons
 Y - a +0 shortbow (weapon)
Armour
 c - a +0 leather armour (worn)
 j - a +1 helmet (worn)
Scrolls
 i - a scroll of identify
Potions
 a - a potion of resistance {unknown}
 d - 2 potions of curing
 k - a potion of cancellation {unknown}

Dungeon Overview and Level Annotations

Branches:
Dungeon (2/15)

Altars:

Shops:
D:1 !?


Message History

You shoot an arrow. The arrow barely misses Natasha.
The cerulean imp hits you with a +1 spear.
The cerulean imp hits you but does no damage.
Natasha claws you.
You shoot an arrow. The arrow closely misses Natasha.
The cerulean imp hits you with a +1 spear.
The cerulean imp hits you but does no damage.
Natasha howls an incantation.
You feel troubled. Natasha claws you.
You shoot an arrow. The arrow barely misses Natasha.
The cerulean imp hits you but does no damage.
The cerulean imp barely misses you. Natasha closely misses you.
You shoot an arrow. The arrow hits Natasha.
Natasha is moderately wounded.
The cerulean imp disappears in a puff of smoke!
The cerulean imp barely misses you. Natasha casts a spell at you.
You resist with some effort.
A hound comes into view.
The cerulean imp hits you with a +1 spear.
You shoot an arrow. The arrow hits Natasha.
Natasha is severely wounded.
Natasha misses you. The cerulean imp closely misses you. Natasha claws you.
You shoot an arrow. The arrow hits Natasha!
You kill Natasha!
Natasha screams in fury as she dies!
The cerulean imp disappears in a puff of smoke!
You shoot an arrow.
The arrow hits the hound but does no damage.
The hound bites you. The hound misses you.
You shoot an arrow. The arrow closely misses the hound.
The hound closely misses you. The hound bites you but does no damage.
You shoot an arrow.
The arrow hits the hound but does no damage.
The hound barely misses you.
You shoot an arrow. The arrow hits the hound.
The hound is lightly wounded.
The hound bites you.
You die...

..##.........#...##
.....##.##........##
..#####.###........#
..#####.# #........#
........# ##.......#
.#.###### #.......#
....### #.#...#.#
##....######)##.##.###
.......#.....##.@....#
#[.....<[....####h......#
...................#.##.#
#............##h..## #
##.....#....)...#..
##....########.5#..
.#.#### ...###. .....#
.## . .#.#.#


You could see a hound.

Vanquished Creatures
  Natasha (twice) (D:2)
  2 adders (D:2)
  A worm (D:2)
  A dart slug (D:1)
  4 endoplasms
  4 giant cockroaches
  4 goblins
  6 hobgoblins
  A quokka (D:1)
  2 ball pythons (D:1)
  A bat (D:1)
  2 frilled lizards
  3 kobolds
  4 rats (D:1)
37 creatures vanquished.

Notes
Turn   | Place    | Note
-------+----------+-------------------------------------------
     0 | D:1      | qw the Gargoyle Hunter began the quest for the Orb.
     0 | D:1      | Reached XP level 1. HP: 12/12 MP: 1/1
     0 | D:1      | 0 ||| qw: Version: 0.2-a-29-gc1b59c4
     0 | D:1      | 0 ||| qw: Game counter: 4146
     0 | D:1      | 0 ||| qw: Always use a shield: true
     0 | D:1      | 0 ||| qw: God list: Okawaru
     0 | D:1      | 0 ||| qw: Allow faded altars: false
     0 | D:1      | 0 ||| qw: Do Orc after D:15 true
     0 | D:1      | 0 ||| qw: Do second Lair branch before Depths: true
     0 | D:1      | 0 ||| qw: Lair rune preference: random
     0 | D:1      | 0 ||| qw: Plans: Normal, Zot:1-4, Slime:5, God:TSO, Crypt,
                  | Tomb, Abyss, Pan, Hells, Win
     0 | D:1      | 0 ||| PLANNING D:1-11
    84 | D:1      | Found Qoerr's Magic Scroll Shoppe.
   118 | D:1      | 118 ||| SHOPLISTING scroll of brand weapon (104 gold, have
                  | 29).
   118 | D:1      | 118 ||| SHOPLISTING scroll of enchant armour (82 gold, have
                  | 29).
   118 | D:1      | 118 ||| BUYING scroll of identify (22 gold).
   118 | D:1      | Bought a scroll of identify for 22 gold pieces
   118 | D:1      | 118 ||| SHOPLISTING scroll of identify (22 gold, have 7).
   134 | D:1      | Reached XP level 2. HP: 17/17 MP: 2/2
   435 | D:1      | Reached XP level 3. HP: 21/21 MP: 3/3
   436 | D:1      | Found Oqoret's Distillery.
   445 | D:1      | 445 ||| SHOPLISTING potion of curing (36 gold, have 35).
   445 | D:1      | 445 ||| SHOPLISTING potion of haste (120 gold, have 35).
   445 | D:1      | 445 ||| SHOPLISTING potion of lignification (36 gold, have
                  | 35).
   445 | D:1      | 445 ||| SHOPLISTING potion of might (48 gold, have 35).
   445 | D:1      | 445 ||| SHOPLISTING potion of resistance (120 gold, have
                  | 35).
   610 | D:1      | 610 ||| UPGRADING to +0 helmet.
   615 | D:1      | 615 ||| DROPPING ring of wizardry.
   616 | D:1      | 616 ||| READING scroll labelled NUEDUSE JAOH.
   617 | D:1      | 617 ||| READING scroll labelled IKEASI VEXE.
   618 | D:1      | 618 ||| READING 2 scrolls labelled BAAFUTRETA.
   619 | D:1      | 619 ||| READING scroll of enchant armour.
   619 | D:1      | 619 ||| ENCHANTING +0 helmet.
   620 | D:1      | 620 ||| READING 3 scrolls labelled IPLIZO ZINI.
   621 | D:1      | 621 ||| READING scroll labelled XIHOUZ HET OTI.
   622 | D:1      | 622 ||| READING 2 scrolls of identify.
   622 | D:1      | 622 ||| IDENTIFYING emerald potion
   623 | D:1      | 623 ||| DROPPING scroll of butterflies.
   624 | D:1      | 624 ||| DROPPING 2 scrolls of fear.
   665 | D:2      | Reached skill level 5 in Ranged Weapons
   721 | D:2      | Noticed Natasha
   727 | D:2      | Killed Natasha
   728 | D:2      | Reached skill level 3 in Fighting
   729 | D:2      | Reached XP level 4. HP: 28/28 MP: 4/4
   942 | D:2      | Noticed Natasha
   943 | D:2      | 943 ||| Stepping ~*~*~tactically~*~*~ (outnumbered).
   952 | D:2      | HP: 6/28 [Natasha (5)]
   953 | D:2      | 953 ||| DRINKING potion of heal wounds.
   958 | D:2      | HP: 6/28 [cerulean imp/+1 spear[Natasha] (3)]
   960 | D:2      | Killed Natasha
   961 | D:2      | HP: 1/28 [hound (4)]
   964 | D:2      | Slain by a hound

Levels and vault maps discovered:
D:1:      dpeg_arrival_pits, layout_rooms, serial_forest,
          infiniplex_forest_straight_2, infiniplex_forest_clump_large,
          infiniplex_forest_lined_corner, infiniplex_forest_lined_2,
          infiniplex_forest_clump_curved, infiniplex_forest_split, serial_shops,
          shop, nicolae_shop_peninsula
D:2:      layout_loops_cross, basic_ecumenical_altar, chequers_mini_garden,
          grunt_ministairs_3, minmay_pentomino_v2, uniq_robin, uniq_natasha

Skill      XL: |  1  2  3 |
---------------+----------+-----
Ranged Weapons | 5 |  5.6
Fighting       | 3 |  3.2
Dodging        | |  1.5
Stealth        | |  1.1

Action                     |  1- 3 |  4- 6 || total
---------------------------+-------+-------++-------
   Fire: Shortbow          |    71 |    41 ||   112
    Use: Scroll            |     7 |       ||     7
         Potion            |       |     1 ||     1
 Armour: Leather armour    |     9 |    10 ||    19
  Dodge: Dodged            |    17 |    17 ||    34

Table legend:
 A = Non-vault XP
 B = Vault XP
 C = Vault XP percentage of total XP
 D = Non-vault monster count
 E = Vault monster count
 F = Vault count percentage of total count
                 A         B        C        D         E       F
            +---------+---------+-------+---------+---------+-------
      Total |     105 |      52 |  33.1 |      33 |       4 |  10.8
            +---------+---------+-------+---------+---------+-------
        D:1 |      36 |       0 |   0.0 |      22 |       0 |   0.0
        D:2 |      69 |      52 |  43.0 |      11 |       4 |  26.7
            +---------+---------+-------+---------+---------+-------
